 Dungeon Crawl Stone Soup version 0.17-a0-1403-g9df874c (webtiles) character file.

28 Gruud the Grave Robber (level 2, 0/19 HPs)
             Began as a Demonspawn Necromancer on June 20, 2015.
             Slain by an adder (3 damage)
             ... on level 2 of the Dungeon.
             The game lasted 00:06:00 (708 turns).

Gruud the Grave Robber (Demonspawn Necromancer)      Turns: 708, Time: 00:06:00

Health: 0/19       AC:  2    Str:  8    XL:     2   Next: 96%
Magic:  3/5        EV: 12    Int: 16    God:
Gold:   40         SH:  0    Dex: 13    Spells: 2 memorised, 3 levels left

rFire  . . .     SeeInvis .     n - +1 short sword (venom)
rCold  . . .     Clarity  .     a - +0 robe
rNeg   . . .     SustAt   .     (no shield)
rPois  .         Gourm    .     h - +0 hat
rElec  .         Spirit   .     (no cloak)
rCorr  .         Warding  .     (no gloves)
rMut   .         Stasis   .     (no boots)
MR     .....                    (no amulet)
Stlth  +++.......               (no ring)
                                (no ring)

@: lethally poisoned (0 -> -5), not resistant to hostile enchantments, fairly
stealthy
A: nightstalker 1
a: no special abilities


You were on level 2 of the Dungeon.
You were not hungry.

You visited 1 branch of the dungeon, and saw 2 of its levels.

You collected 40 gold pieces.

Inventory:

Hand weapons
 g - a +0 club
 n - a +1 short sword of venom (weapon)
Armour
 a - a +0 robe (worn)
 h - a +0 hat (worn)
Scrolls
 f - a scroll of fog {unknown}
 i - a scroll of teleportation {unknown}
 l - 3 scrolls of amnesia
 m - a scroll of enchant weapon {unknown}
 o - a scroll of remove curse {unknown}
Potions
 e - 2 potions of brilliance {unknown}
 j - a potion of lignification {unknown}
 k - a potion of cancellation {unknown}
Books
 b - a book of Necromancy

   Spells                             Type                      Level
   a - Pain                           Necromancy                   1
   b - Animate Skeleton               Necromancy                   1
   c - Vampiric Draining              Necromancy                   3
   d - Regeneration                   Charms/Necromancy            3
   e - Animate Dead                   Necromancy                   4
   f - Control Undead                 Necromancy                   4
Comestibles
 c - 2 bread rations
 d - a chunk of flesh


   Skills:
 - Level 1.7 Dodging
 - Level 1.7 Stealth
 - Level 2.0 Spellcasting
 * Level 5.4 Necromancy


You had 3 spell levels left.
You knew the following spells:

 Your Spells              Type           Power        Failure   Level  Hunger
a - Pain                  Necr           ###.         2%          1    #......
b - Animate Skeleton      Necr           N/A          2%          1    #......


Dungeon Overview and Level Annotations

Branches:
Dungeon (2/15)

Altars:
Ru


Innate Abilities, Weirdness & Mutations

You are slightly more attuned to the shadows.


Message History

You feel sick. The adder barely misses you.
You barely miss the adder.
The adder is lightly wounded.
The adder bites you.
Casting: Animate Skeleton
Confirm with . or Enter, or press ? or * to list all spells.
Aiming: Pain
Press: ? - help, Shift-Dir - straight line, f - adder
Aim: an adder (lightly wounded, chance to defeat MR: 84%)
The adder convulses in agony!
* * * LOW HITPOINT WARNING * * *
You feel sick. The adder barely misses you.
The adder bites you but does no damage.
Casting: Pain
Confirm with . or Enter, or press ? or * to list all spells.
Aiming: Pain
Press: ? - help, Shift-Dir - straight line, f/p - adder
Aim: an adder (heavily wounded, chance to defeat MR: 84%)
The adder convulses in agony!
The adder bites you.
You die...

#.# ######w#
#....... #.####Z#
#..... ## #.##.#
#.. # #...
#.###########.#
..._. ..#
###.#....@S.....#
#.#... ..#
#........######...
#$##.# ..#
#........# # ...
##.## #........#
.... ....#'#+####
##.##### #.#.#
#......# #.#.####
#..###.# #.......
.......# #.######


You could see an adder.

Vanquished Creatures
  An adder (D:2)
  2 ball pythons
  3 bats (D:1)
  A goblin (D:1)
  2 hobgoblins
  3 kobolds
  2 giant newts (D:1)
  2 rats
16 creatures vanquished.

Vanquished Creatures (collateral kills)
  A rat (D:2)
1 creature vanquished.

Grand Total: 17 creatures vanquished

Notes
Turn   | Place    | Note
--------------------------------------------------------------
     0 | D:1      | Gruud the Demonspawn Necromancer began the quest for the Orb.
     0 | D:1      | Reached XP level 1. HP: 13/13 MP: 3/3
     2 | D:1      | Learned a level 1 spell: Animate Skeleton
   281 | D:1      | Gained mutation: You are slightly more attuned to the shadows. [demonic ancestry]
   281 | D:1      | Reached XP level 2. HP: 16/19 MP: 1/5
   404 | D:2      | Reached skill level 5 in Necromancy
   532 | D:2      | Found a sacrificial altar of Ru.
   708 | D:2      | Slain by an adder

Vault maps used:
D:1:      moated_graveyard_arrival, grunt_decor_arrowhead
D:2:      nicolae_ru_sacrificial_ziggurat

Action                   || total
-------------------------++-------
Melee: Club              ||     7
       Unarmed           ||     2
       Short sword       ||     8
 Cast: Pain              ||    20
       Animate Skeleton  ||     6
  Use: Scroll            ||     1
 Stab: Sleeping          ||     3
